Map: Pillars of Gold LE

Players

Serral

  • Race: Zerg Zerg
  • League: Grandmaster
  • Spawn Location: 1:00

LiquidClem (Clem) - Winner!

  • Race: Terran Terran
  • League: Master
  • Spawn Location: 7:00

Event: DreamHack SC2 Masters 2020 Fall

VOD

Have the link to the VOD?

Description

Time

  • Played on: Sept. 19, 2020, 2:05 p.m.
  • Length: 7:03

All games in this series

Show
View Real Time Build Order
Export as new Build Order

Serral Zerg 

Build Orders: Pool First 

Get SALT Encoding   

  12  0:00  Drone  
  13  0:12  Overlord  
  13  0:17  Drone  
  14  0:30  Drone x2  
  14  0:34  Drone  
  17  0:44  Extractor  
  17  0:46  Drone  
  17  0:50  Spawning Pool  
  17  0:55  Drone  
  17  1:06  Drone  
  18  1:20  Hatchery  
  18  1:24  Drone  
  18  1:37  Queen  
  18  1:39  Zergling x2  
  21  1:46  Metabolic Boost  
  21  1:52  Overlord  
  21  1:56  Zergling x2  
  22  2:11  Zergling x2  
  22  2:12  Drone  
  22  2:13  Queen  
  26  2:23  Drone  
  26  2:32  Queen  
  26  2:35  Drone x2  
  30  2:45  Drone x3  
  30  2:48  Drone  
  34  2:54  Overlord  
  34  2:56  Drone  
  35  3:12  Drone  
  36  3:14  Hatchery, Drone  
  36  3:16  Drone  
  36  3:18  Drone  
  38  3:23  Overlord  
  38  3:26  Drone  
  39  3:30  Drone x2  
  41  3:35  Queen  
  43  3:44  Drone x4  
  47  3:50  Overlord  
  47  3:52  Zergling x2, Drone  
  49  3:58  Drone x2  
  49  4:01  Lair  
  49  4:02  Extractor  
  50  4:04  Overlord  
  50  4:09  Zergling x2  
  51  4:10  Drone x2  
  51  4:14  Queen  
  55  4:18  Overlord  
  55  4:20  Zergling x2  
  55  4:23  Zergling x2  
  57  4:26  Spore Crawler  
  57  4:27  Drone x2  
  58  4:31  Queen  
  58  4:35  Zergling x2, Overlord  
  58  4:38  Drone  
  62  4:40  Drone  
  62  4:41  Drone  
  62  4:45  Spore Crawler  
  63  4:46  Zergling x2  
  63  4:47  Drone  
  63  4:49  Zergling x2  
  63  4:50  Drone  
  63  4:51  Drone  
  68  4:53  Drone  
  68  4:57  Drone x2  
  68  4:59  Zergling x2  
  72  5:02  Drone  
  72  5:03  Drone  
  74  5:07  Spire  
  74  5:08  Zergling x2  
  74  5:10  Drone  
  75  5:18  Drone x3  
  75  5:20  Extractor  
  75  5:22  Zergling x2, Extractor  
  75  5:23  Drone  
  75  5:26  Drone x3  
  77  5:30  Drone  
  77  5:34  Queen  
  79  5:37  Zergling x2  
  79  5:38  Zergling x2  
  79  5:41  Drone x2  
  81  5:45  Overlord x2  
  81  5:46  Overlord  
  81  5:50  Overlord  
  81  5:53  Overlord  
  81  5:55  Overlord  
  81  6:06  Drone x7  
  81  6:11  Baneling Nest  
  87  6:13  Drone x2  
  87  6:16  Extractor x2  
  88  6:18  Drone x3  
  90  6:26  Mutalisk  
  90  6:29  Mutalisk x2  
  96  6:34  Mutalisk  
  96  6:38  Mutalisk  
  100  6:45  Hatchery, Zergling x6  
Show
View Real Time Build Order
Export as new Build Order

LiquidClem Terran - Winner!

Build Orders: Liberator Opening, Reaper Expand 

Get SALT Encoding   

  12  0:00  SCV  
  13  0:12  SCV  
  14  0:17  Supply Depot  
  14  0:24  SCV  
  15  0:39  SCV  
  15  0:41  Barracks  
  16  0:46  Refinery  
  16  0:51  SCV  
  17  1:03  SCV  
  18  1:15  SCV  
  19  1:28  Reaper, Orbital Command  
  20  1:42  Command Center  
  20  1:50  Supply Depot  
  20  1:54  SCV  
  20  2:00  Marine  
  22  2:06  SCV  
  23  2:11  Factory  
  23  2:19  SCV  
  23  2:22  Barracks Reactor  
  24  2:26  Bunker  
  24  2:30  Refinery  
  24  2:31  SCV  
  25  2:43  SCV  
  26  2:56  Orbital Command  
  26  2:58  SCV, Starport  
  26  3:05  Hellion  
  29  3:09  Hellion  
  29  3:10  SCV  
  32  3:13  Marine  
  33  3:22  SCV  
  33  3:24  SCV, Supply Depot  
  35  3:28  Hellion  
  35  3:33  Hellion  
  39  3:35  SCV  
  39  3:37  SCV  
  41  3:42  Liberator  
  41  3:46  Barracks Tech Lab  
  41  3:47  SCV  
  45  3:49  SCV  
  45  3:54  Hellion  
  50  3:56  Hellion  
  50  4:01  SCV x2  
  52  4:04  Supply Depot, Stimpack  
  52  4:13  SCV x2  
  52  4:16  Supply Depot  
  54  4:25  SCV x2  
  54  4:26  Hellion x2  
  60  4:31  Starport Reactor  
  60  4:35  Command Center  
  60  4:37  Marine  
  61  4:39  SCV  
  61  4:44  Barracks  
  62  4:48  Barracks  
  62  4:52  Factory Tech Lab  
  62  4:56  Marine  
  62  4:58  SCV, Engineering Bay x2  
  64  5:00  SCV  
  64  5:06  Refinery x2  
  65  5:11  SCV  
  65  5:14  Supply Depot, Marine  
  66  5:15  SCV  
  66  5:18  Starport Reactor  
  68  5:23  SCV  
  68  5:27  SCV  
  70  5:35  SCV, Marine x2, Siege Tank  
  75  5:36  Marine  
  75  5:39  SCV  
  78  5:46  Marine x2  
  78  5:47  SCV  
  81  5:53  Marine  
  81  5:55  Supply Depot  
  81  5:56  Medivac x2  
  83  5:58  SCV  
  83  5:59  SCV  
  83  6:01  Supply Depot  
  83  6:02  Marine  
  86  6:05  Marine  
  86  6:08  Marine x2  
  92  6:11  Siege Tank  
  92  6:12  Marine  
  92  6:17  SCV x2  
  95  6:19  Orbital Command  
  95  6:23  Marine  
  96  6:27  Supply Depot, Marine  
  96  6:28  Marine  
  96  6:29  SCV x2, Marine  
  101  6:32  Marine  
  101  6:37  Supply Depot  
  104  6:41  SCV  
  104  6:43  SCV  
  104  6:44  SCV, Barracks  
  104  6:45  Barracks  
  110  6:55  Supply Depot  

Tags
 
Add a new tag
Caveats
  • Supply blocks, unpowered buildings, or Contaminate may cause inaccurate times.
  • Supply counts are checked every 10 seconds.